 Dungeon Crawl Stone Soup version 0.30-a0-576-g89cddaab80 (webtiles) character file.

Game seed: 8488348415704740978

156 wormed the Covered (level 5, -2/48 HPs)
             Began as an Armataur Fighter on Dec 31, 2022.
             Killed from afar by Robin (12 damage)
             ... with a puff of flame
             ... on level 3 of the Dungeon.
             The game lasted 00:02:21 (1968 turns).

wormed the Covered (Armataur Fighter)               Turns: 1968, Time: 00:02:22

Health: -2/48      AC:  7    Str: 29    XL:     5   Next: 14%
Magic:  5/5        EV:  7    Int:  9    God:
Gold:   193        SH:  4    Dex:  9    Spells: 4/4 levels left

rFire   . . .      SeeInvis .    a - +0 flail
rCold   . . .      Faith    .    c - +0 buckler
rNeg    . . .      Spirit   .    b - +0 scale mail
rPois   .          Reflect  .    (no helmet)
rElec   .          Harm     .    (no cloak)
rCorr   .          Roll     +    (no gloves)
Will    +....                    (no barding) Stlth
                                 (no amulet)
HPRegen 0.28/turn                l - +6 ring of strength
MPRegen 0.09/turn                m - ring of willpower

@: no status effects
A: large, rugged brown scales 3, deformed body, armoured tail, roll, long
tongue, awkward tongue
a: no special abilities


You were on level 3 of the Dungeon.
You visited 1 branch of the dungeon, and saw 3 of its levels.

You collected 193 gold pieces.

Inventory:

Hand Weapons
 a - a +0 flail (weapon)
Armour
 b - a +0 scale mail (worn)
 c - a +0 buckler (worn)
Jewellery
 f - a ring of flight
 l - a +6 ring of strength (left hand)
 m - a ring of willpower (right hand)
 p - an amulet of magic regeneration
Scrolls
 e - 2 scrolls of amnesia {unknown}
 g - 2 scrolls of poison {unknown}
 i - 2 scrolls of vulnerability {unknown}
 j - a scroll of teleportation {unknown}
 k - a scroll of noise {unknown}
 n - a scroll of identify {unknown}
 s - a scroll of fog {unknown}
Potions
 d - a potion of might
 h - 2 potions of berserk rage {unknown}
 o - a potion of invisibility {unknown}
 q - a potion of magic {unknown}
 r - a potion of degeneration {unknown}


   Skills:
 + Level 3.3 Fighting
 * Level 3.3 Maces & Flails
 + Level 4.5 Armour
 + Level 4.1 Shields


You had 4 spell levels left.
You didn't know any spells.
Your spell library contained the following spells:

 Spells                   Type           Power      Damage    Failure   Level
 Static Discharge         Conj/Air       0%         2-2/arc   83%         2
 Vhi's Electric Charge    Tloc/Air       0%         N/A       97%         3
 Arcjolt                  Conj/Air       0%         1d10      100%        5
 Lightning Bolt           Conj/Air       0%         1d11      100%        5


Dungeon Overview and Level Annotations

Branches:
Dungeon (3/15)

Altars:
Sif Muna

Annotations:
D:3 Robin


Innate Abilities, Weirdness & Mutations

You are completely covered in rugged brown scales. (AC +3, +7% HP)
Armour fits poorly on your strangely shaped body.
You have a long armoured tail.
You roll when moving toward enemies. (Rampage)
Your long tongue fully drains potion bottles. (2x potion effects)
Your tongue gives you trouble enunciating. (1.5x scroll delay)


Message History

You barely miss the goblin. The goblin hits you but does no damage.
You barely miss the goblin. The goblin barely misses you.
Robin zaps a wand.
The puff of flame hits you!
You hit the goblin.
Your tail-slap misses the goblin.
The goblin is heavily wounded.
Robin roars a battlecry!
The goblin goes into a battle-frenzy!
The goblin hits you with a +0 club. The goblin barely misses you.
You closely miss the goblin.
The goblin is moderately wounded.
Robin completely misses you. The goblin hits you but does no damage.
You closely miss the goblin.
The goblin is moderately wounded.
The goblin hits you with a +0 club.
Robin zaps a wand.
The puff of flame hits you.
You barely miss the goblin.
Your tail-slap misses the goblin.
The goblin is moderately wounded.
Robin zaps a wand.
The puff of flame hits you. The goblin hits you with a +0 club.
You completely miss the goblin.
The goblin is moderately wounded.
You block Robin's attack. The goblin hits you but does no damage.
You block the goblin's attack. Robin hits you with a +0 mace.
You barely miss the goblin.
The goblin is moderately wounded.
Robin hits you but does no damage. You block the goblin's attack.
You miss the goblin. You tail-slap the goblin.
You kill the goblin!
You block Robin's attack.
Robin says, "Duck!"
Things that are here:
a +0 club; a goblin corpse The hobgoblin no longer looks unusually strong.
The goblin no longer looks unusually strong. x2
Robin roars a battlecry!
The goblins go into a battle-frenzy!
Robin zaps a wand.
The puff of flame hits you!
* * * LOW HITPOINT WARNING * * *
Robin zaps a wand.
The puff of flame hits you!
You die...

###### #.##.######
#.........#
#.#..####.#
#.#..#...<# ###
#@#.)###########.#
###.#..#...........#
..#.#..#.#########)#
#.#)#..#.#.........#
#.#g#..#.#.######..#
#.#g#..#.#...####..#
#.#g####.#..Sg..#..#
#.#gg÷g..#.#.##<#..#
#....†..g.....###..#


You could see Robin, a hobgoblin (strong) and 3 goblins.

Vanquished Creatures
  Jessica (D:2)
  Terence (D:2)
  Natasha (D:2)
  An adder (D:3)
  A dart slug (D:3)
  An orc (D:3)
  4 ball pythons
  2 endoplasms (D:1)
  2 giant cockroaches
  9 goblins
  3 hobgoblins
  14 jackals
  2 quokkas
  5 bats
  3 frilled lizards
  6 kobolds
  6 rats
  A spectral hobgoblin (D:1)
63 creatures vanquished.

Notes
Turn   | Place    | Note
-------+----------+-------------------------------------------
     0 | D:1      | wormed the Armataur Fighter began the quest for the Orb.
     0 | D:1      | Reached XP level 1. HP: 19/19 MP: 1/1
   153 | D:1      | Reached XP level 2. HP: 26/26 MP: 2/2
   243 | D:1      | Found a faded altar of an unknown god.
   492 | D:1      | Reached XP level 3. HP: 25/33 MP: 3/3
   730 | D:2      | Found a shimmering blue altar of Sif Muna.
   917 | D:2      | Noticed Terence
   927 | D:2      | Killed Terence
   928 | D:2      | Reached XP level 4. HP: 40/40 MP: 4/4
   942 | D:2      | Noticed Jessica
   945 | D:2      | Killed Jessica
  1319 | D:2      | Noticed Natasha
  1330 | D:2      | Killed Natasha
  1719 | D:3      | Noticed Robin
  1733 | D:3      | Reached XP level 5. HP: 45/48 MP: 5/5
  1968 | D:3      | Killed from afar by Robin

Illustrated notes

Levels and vault maps discovered:
D:1:      dpeg_chamrin_arrival_tetris, layout_rooms,
          dreamdust_ecumenical_altar_drowned_temple, serial_bayou_lake_a
D:2:      layout_basic, basic_altar, kennysheep_minor_cross, uniq_jessica,
          uniq_terence, uniq_natasha
D:3:      layout_basic, uniq_robin

Skill      XL: |  1  2  3  4 |
---------------+-------------+-----
Maces & Flails | 2 3 |  3.3
Fighting       | 3 |  3.3
Armour         | 4 |  4.5
Shields        | 4 |  4.1

Action                   |  1- 3 |  4- 6 || total
-------------------------+-------+-------++-------
Melee: Flail             |    85 |    99 ||   184
       Tailslap          |    10 |    10 ||    20
Armor: Scale mail        |    50 |    99 ||   149
Dodge: Dodged            |    42 |    65 ||   107
Block: Buckler           |    21 |    46 ||    67

Table legend: (Time is in decaauts)
 A = Elapsed time spent in this place.
 B = Non-inter-level travel time spent in this place.
 C = Inter-level travel time spent in this place.
 D = Time resting spent in this place.
 E = Time spent auto-exploring this place.
 F = Levels seen in this place.
 G = Mean time per level.
                   A        B        C        D        E       F      G
               +--------+--------+--------+--------+--------+-----+--------+
         Total |   2019 |   1929 |     90 |      0 |   1507 |   3 |  673.0 |
       Dungeon |   2019 |   1929 |     90 |      0 |   1507 |   3 |  673.0 |
               +--------+--------+--------+--------+--------+-----+--------+

Top non-repeatable levels by time:
     D:2: 1098 daAuts
     D:1: 699 daAuts
     D:3: 221 daAuts
